cohdb
Replays
Latest Replays
All Replays
Popular Replays
Top Player Replays
Match Explorer
How It Works
Community
CoH3 Stats
Reddit
Sign in to upload your games and track your stats! →
Sign in with Steam
Match 44378670
Unlisted
Match 44378670
Overview
Messages
Build Orders
End
Royal Engineer Section
Selects Air and Sea Battlegroup
Construct Section Command Post
Infantry Section
ML 3-inch Mortar Team
Vickers Machine Gun Team
Infantry Section
Selects Supply Surplus
Construct Platoon Command Post
Construct Resource Cache
Humber Armored Car
Grenade Package
Construct Resource Cache
Unlock M3 Stuart Light Tanks
Construct Field Infirmary
Construct Resource Cache
Selects UNKNOWN (223837)
M3 Stuart Light Tank
6-pounder Anti-tank Gun Team
Selects Commando Section Paradrop
Selects M1 Pack Howitzer Paradrop
Commando Section Paradrop
Construct Company Command Post
Matilda II Heavy Tank
Selects Incendiary Bombing Run
Armored Vehicle Training
Matilda II Heavy Tank
robwarrior
ehduq0425kdy
0
0
Comments
sign in to comment!
No comments posted yet!